 Dungeon Crawl Stone Soup version 0.26-a0-845-gfacbca91cf (webtiles) character file.

Game seed: 854229686909666617

1212 Notrik the Skirmisher (level 8, -20/68 HPs)
             Began as a Formicid Fighter on Nov 19, 2020.
             Was a Believer of Okawaru.
             Demolished by an orc warrior
             ... wielding a +0 glaive
              (23 damage)
             ... on level 6 of the Dungeon.
             The game lasted 00:11:38 (5096 turns).

Notrik the Skirmisher (Formicid Fighter)            Turns: 5096, Time: 00:11:38

Health: -20/68     AC: 13    Str: 22    XL:     8   Next: 74%
Magic:  9/9        EV:  5    Int:  9    God:    Okawaru [**....]
Gold:   338        SH: 10    Dex: 10    Spells: 7/7 levels left

rFire    + + +     SeeInvis +   b - +8 dagger "Oqushran" {vorpal, *Contam rC+ Stlth+}
rCold    + + .     Faith    .   c - +0 kite shield
rNeg     . . .     Spirit   .   I - +0 plate armour (curse)
rPois    .         Reflect  .   (helmet unavailable)
rElec    .         Harm     .   C - scarf {rC+ rF+}
rCorr    .         Rampage  .   (no gloves)
MR       .....                  v - +0 pair of boots
Stlth    ..........             (no amulet)
HPRegen  0.21/turn              B - ring of protection from fire
MPRegen  0.11/turn              i - ring of protection from fire

@: no status effects
A: permanent stasis, dig shafts and tunnels, four strong arms, antennae 3
a: Dig, Shaft Self, Heroism, Renounce Religion


You were on level 6 of the Dungeon.
You worshipped Okawaru.
Okawaru was pleased with you.
You visited 1 branch of the dungeon, and saw 6 of its levels.

You collected 338 gold pieces.

Inventory:

Hand Weapons
 b - the +8 dagger "Oqushran" (weapon) {vorpal, *Contam rC+ Stlth+}
   (You found it on level 6 of the Dungeon)

   It inflicts extra damage upon your enemies.
   It protects you from cold.
   It causes magical contamination when unequipped.
   It makes you more stealthy.
Armour
 c - a +0 kite shield (worn)
 v - a +0 pair of boots (worn)
   (You found it on level 3 of the Dungeon)
 C - a scarf of resistance (worn)
   (You found it on level 4 of the Dungeon)
 I - a cursed +0 plate armour (worn)
   (You found it on level 6 of the Dungeon)
Jewellery
 a - a cursed amulet of inaccuracy {unknown}
   (You found it on level 6 of the Dungeon)
 i - a ring of protection from fire (right hand)
   (You found it on level 1 of the Dungeon)
 q - an uncursed ring of stealth
   (You found it on level 2 of the Dungeon)
 B - a ring of protection from fire (left hand)
   (You found it on level 3 of the Dungeon)
 H - an uncursed ring of flight {unknown}
   (You found it on level 5 of the Dungeon)
Wands
 d - a wand of iceblast (5)
   (You found it on level 3 of the Dungeon)
Scrolls
 f - 5 scrolls of teleportation {@r4}
 h - a scroll of fog
 k - a scroll of blinking
 n - a scroll of immolation {!r}
 p - 2 scrolls of enchant weapon
 s - a scroll of magic mapping {unknown}
 t - 2 scrolls of remove curse {@r2}
 w - a scroll of amnesia
 y - a scroll of random uselessness {unknown}
 A - 4 scrolls of identify {@r1}
 F - 3 scrolls of enchant armour {unknown}
 G - a scroll of brand weapon {unknown}
Potions
 e - a potion of haste {unknown}
 g - 3 potions of might
 j - 3 potions of ambrosia {unknown}
 l - 3 potions of brilliance {unknown}
 m - 2 potions of attraction {!q}
 o - 4 potions of curing {@q1}
 r - 2 potions of lignification {unknown}
 u - 2 potions of flight
 x - a potion of invisibility
 z - a potion of heal wounds {unknown}
 D - a potion of cancellation {unknown}


   Skills:
 * Level 7.6 Fighting
 - Level 4.2 Axes
 + Level 5.8 Armour
 + Level 6.3 Shields
 + Level 2.3 Invocations


You had 7 spell levels left.
You didn't know any spells.
Your spell library contained the following spells:

 Spells                   Type           Power        Failure   Level
 Animate Skeleton         Necr           #.....       100%        1
 Apportation              Tloc           #.....       100%        1
 Corona                   Hex            #......      100%        1
 Summon Small Mammal      Summ           #...         100%        1


Dungeon Overview and Level Annotations

Branches:
Dungeon (6/15)
 Temple: D:4-7

Altars:
Fedhas
Okawaru
Qazlal
Ru
Trog
Uskayaw
Yredelemnul


Innate Abilities, Weirdness & Mutations

You cannot be hasted, slowed, berserked, paralysed or teleported.
You can dig through walls and to a lower floor.
Your four strong arms can wield two-handed weapons with a shield.
You have a pair of large antennae on your head. (SInv)


Message History

You drop a +1 war axe.
Found a glowing cameo amulet and a ring mail.
Found an escape hatch in the floor.
a - a glowing cameo amulet You sense a monster nearby.
No target in view!
You sense a monster nearby.
An orc wizard comes into view. It is wielding a +0 dagger.
The orc wizard shouts!
An orc comes into view. It is wielding a +0 club.
The orc wizard mumbles some strange words.
The orc wizard flickers and vanishes for a moment.
An orc warrior comes into view. It is wielding a +0 glaive.
There are monsters nearby!
An orc wizard comes into view. It is wielding a +0 dagger.
The orc shouts!
The orc warrior hits you from afar with a +0 glaive!
You puncture the orc!
You kill the orc!
Okawaru accepts your kill. The orc warrior barely misses you.
You hit the orc wizard.
The orc wizard hits you but does no damage.
You closely miss the orc wizard.
The orc warrior hits you from afar with a +0 glaive!
You block the orc wizard's attack. The orc wizard closely misses you.
You puncture the orc wizard!
You kill the orc wizard!
Okawaru accepts your kill.
The orc warrior hits you from afar with a +0 glaive!
You block the orc wizard's attack.
You puncture the orc wizard! You block the orc wizard's attack.
The orc warrior hits you from afar with a +0 glaive!
* * * LOW HITPOINT WARNING * * *
You closely miss the orc wizard.
The orc wizard gestures at you while chanting.
The puff of flame hits you. You resist.
* * * LOW HITPOINT WARNING * * *
The orc warrior hits you from afar with a +0 glaive.
* * * LOW HITPOINT WARNING * * *
You hit the orc wizard.
You kill the orc wizard!
Okawaru accepts your kill. You block the orc warrior's attack.
You hit the orc warrior.
The orc warrior hits you with a +0 glaive!
* * * LOW HITPOINT WARNING * * *
You hit the orc warrior.
The orc warrior hits you with a +0 glaive!!
You die...

.# .# ##.# ##..#
##...## #.....#
##.o.####
#.)@....+
##).)#### ##.###
#...# ###.# #.#
#+# #.# #.# #.#
###.######
###.#####<........


You could see an orc warrior.

Vanquished Creatures
  Eustachio (D:4)
  Edmund (D:4)
  An ice beast (D:5)
  2 phantoms
  A sky beast (D:5)
  A jelly (D:5)
  A bullfrog skeleton (D:5)
  A hound (D:5)
  3 orc wizards
  Natasha (thrice) (D:4)
  3 worker ants
  A hound zombie (D:5)
  2 hound skeletons
  A worker ant zombie (D:6)
  Robin (D:4)
  4 adders
  4 gnolls (D:5)
  2 shadow imps
  2 worms
  6 dart slugs
  6 leopard geckos
  9 orcs
  A ball python (D:1)
  5 bats
  6 giant cockroaches
  19 goblins
  6 hobgoblins
  9 jackals
  A quokka (D:4)
  A ball python skeleton (D:4)
  6 frilled lizards
  A jackal zombie (D:5)
  9 kobolds
  2 quokka skeletons
  3 rats
125 creatures vanquished.

Vanquished Creatures (others)
  3 plants (D:1)
3 creatures vanquished.

Grand Total: 128 creatures vanquished

Notes
Turn   | Place    | Note
-------+----------+-------------------------------------------
     0 | D:1      | Notrik the Formicid Fighter began the quest for the Orb.
     0 | D:1      | Reached XP level 1. HP: 18/18 MP: 1/1
   465 | D:1      | Reached XP level 2. HP: 23/24 MP: 2/2
   579 | D:1      | Reached XP level 3. HP: 30/30 MP: 3/3
  1127 | D:2      | Reached skill level 4 in Fighting
  1304 | D:2      | Found an iron altar of Okawaru.
  1317 | D:2      | Became a worshipper of Warmaster Okawaru
  1468 | D:2      | Reached XP level 4. HP: 37/37 MP: 4/4
  1478 | D:2      | Noticed a -1 hand axe
  1479 | D:2      | Noticed a +0 hand axe
  1483 | D:2      | Found a hide-covered altar of Uskayaw.
  2022 | D:3      | Reached XP level 5. HP: 42/43 MP: 5/5
  2402 | D:3      | Noticed a phantom
  2594 | D:3      | Killed a phantom
  2594 | D:3      | Reached * piety under Okawaru
  2595 | D:3      | Reached skill level 5 in Fighting
  2595 | D:3      | Reached XP level 6. HP: 30/51 MP: 6/6
  3073 | D:4      | Noticed Eustachio
  3146 | D:4      | Noticed Robin
  3172 | D:4      | Killed Robin
  3229 | D:4      | Reached skill level 5 in Shields
  3271 | D:4      | Killed Eustachio
  3272 | D:4      | Reached skill level 6 in Fighting
  3272 | D:4      | Reached XP level 7. HP: 21/58 MP: 7/7
  3594 | D:4      | Reached skill level 5 in Armour
  3603 | D:4      | Noticed Natasha
  3617 | D:4      | Killed Natasha
  3617 | D:4      | Reached ** piety under Okawaru
  3627 | D:4      | Noticed Natasha
  3639 | D:4      | Killed Natasha
  3865 | D:4      | Noticed Natasha
  3872 | D:4      | Killed Natasha
  3977 | D:4      | Noticed Edmund
  3992 | D:4      | Killed Edmund
  3993 | D:4      | Reached XP level 8. HP: 33/65 MP: 6/8
  4254 | D:5      | Entered Level 5 of the Dungeon
  4339 | D:5      | Found a stormy altar of Qazlal.
  4339 | D:5      | Found a basalt altar of Yredelemnul.
  4523 | D:5      | Reached skill level 7 in Fighting
  4523 | D:5      | Reached skill level 1 in Invocations
  4594 | D:5      | Found a transporter.
  4595 | D:5      | Found a sacrificial altar of Ru.
  4597 | D:5      | Found a transporter.
  4622 | D:5      | Found a bloodstained altar of Trog.
  4777 | D:5      | Found a blossoming altar of Fedhas.
  5026 | D:6      | Got an ichor-stained dagger
  5048 | D:6      | Identified the +8 dagger "Oqushran" {vorpal, *Contam rC+
                  | Stlth+} (You found it on level 6 of the Dungeon)
  5095 | D:6      | HP: 3/68 [orc warrior/+0 glaive (16)]
  5096 | D:6      | Demolished by an orc warrior

Illustrated notes

Levels and vault maps discovered:
D:1:      matt_arrival_spirals, layout_basic, minmay_misc_feat_hallway,
          serial_bayou_pond_a
D:2:      layout_basic, dancing_weapons_uskayaw, okawaru_metal_pillars_3,
          supply_closet_lemuel
D:3:      layout_loops_ring, nrook_loot_triangle, roderic_malta_cross,
          minmay_ruptured
D:4:      layout_rooms, kennysheep_generic_room_12, uniq_eustachio,
          uniq_natasha, uniq_edmund, uniq_robin
D:5:      layout_basic, lemuel_coloured_pillars_altar,
          chequers_temple_overflow_statue_of_worship,
          gammafunk_temple_overflow_arena
D:6:      kennysheep_slugbush, layout_loops_corners, grunt_dithmenos_shadows,
          uniq_maggie

Skill      XL: |  1  2  3  4  5  6  7  8 |
---------------+-------------------------+-----
Shields        | 4 5 6 |  6.3
Fighting       | 4 5 6 7 |  7.6
Armour         | 4 5 |  5.8
Axes           | 3 4 |  4.2
Invocations    | 2 |  2.3

Action                   |  1- 3 |  4- 6 |  7- 9 || total
-------------------------+-------+-------+-------++-------
Melee: War axe           |    97 |   228 |    54 ||   379
       Dire flail        |       |       |    70 ||    70
       Dagger            |       |       |     9 ||     9
Invok: Heroism           |       |     2 |     1 ||     3
  Use: Scroll            |       |    10 |       ||    10
Armor: Scale mail        |    48 |    87 |    45 ||   180
       Plate armour      |       |       |     2 ||     2
Dodge: Dodged            |    40 |   103 |    37 ||   180
Block: Kite shield       |    59 |   127 |    61 ||   247

Table legend: (Time is in decaauts)
 A = Elapsed time spent in this place.
 B = Non-inter-level travel time spent in this place.
 C = Inter-level travel time spent in this place.
 D = Time resting spent in this place.
 E = Time spent auto-exploring this place.
 F = Levels seen in this place.
 G = Mean time per level.
                   A        B        C        D        E       F      G
               +--------+--------+--------+--------+--------+-----+--------+
         Total |   5261 |   5048 |    213 |    118 |   3744 |   6 |  876.8 |
       Dungeon |   5261 |   5048 |    213 |    118 |   3744 |   6 |  876.8 |
               +--------+--------+--------+--------+--------+-----+--------+

Top non-repeatable levels by time:
     D:3: 1248 daAuts
     D:4: 1206 daAuts
     D:1: 1095 daAuts
     D:2: 850 daAuts
     D:5: 743 daAuts
     D:6: 116 daAuts
